 Dungeon Crawl Stone Soup version 0.31-a0-177-g4aa6249778 (webtiles) character file.

Game seed: 13282960578973831310

145 qw the Shooter (level 5, -1/49 HPs)
             Began as a Naga Hunter on June 18, 2023.
             Shot with an arrow by a centaur (8 damage)
             ... on level 4 of the Dungeon.
             The game lasted 00:00:56 (2029 turns).

qw the Shooter (Naga Hunter)                        Turns: 2029, Time: 00:00:56

Health: -1/49      AC:  6    Str: 16    XL:     5   Next: 27%
Magic:  5/5        EV:  9    Int: 10    God:
Gold:   174        SH:  0    Dex: 16    Spells: 4/4 levels left

rFire   . . .        Y - +1 shortbow
rCold   . . .        (shield currently unavailable)
rNeg    . . .        c - +0 leather armour
rPois   +            h - +2 hat
rElec   .            (no cloak)
rCorr   .            e - +0 pair of gloves {Str+3}
SInv    +            (no barding)
Will    .....        (no amulet)
Stlth   ++           (no ring)
HPRegen 0.28/turn    (no ring)
MPRegen 0.09/turn

%: no passive effects
@: short of breath, very slow
A: AC +1, large, see invisible, deformed body, poison resistance, slowness 2,
spit poison 1, naga tail 1
a: Spit Poison


You were on level 4 of the Dungeon.
You visited 1 branch of the dungeon, and saw 4 of its levels.

You collected 174 gold pieces.


Innate Abilities, Weirdness & Mutations

Your serpentine skin is tough. (AC +1)
You have supernaturally acute eyesight. (SInv)
Armour fits poorly on your strangely shaped body.
Your system is resistant to poisons. (rPois)
You cover ground very slowly.
You can spit poison.
You have a snake-like lower body.


   Skills:
 - Level 3.0 Fighting
 + Level 5.4 Ranged Weapons
 - Level 1.5 Dodging
 - Level 1.5 Stealth


You had 4 spell levels left.
You didn't know any spells.
Your spell library was empty.

Inventory:

Hand Weapons
 Y - a +1 shortbow (weapon)
Armour
 c - a +0 leather armour (worn)
 e - a +0 pair of gloves of strength (worn)
 h - a +2 hat (worn)
Scrolls
 a - 3 scrolls of identify
Potions
 b - 2 potions of curing
 f - 2 potions of might
 g - a potion of enlightenment
 i - a potion of haste

Dungeon Overview and Level Annotations

Branches:
Dungeon (4/15)
 Temple: D:4-7

Altars:
Hepliaklqana


Message History

Aiming: Spit Poison (1% risk of failure)
Press: ? - help, Shift-Dir - straight line, f/p - centaur The splash of poison hits the centaur but does no damage.
The centaur is poisoned.
The centaur is moderately wounded.
The centaur shoots an arrow.
The arrow barely misses you.
The centaur shoots an arrow.
The arrow hits you.
You shoot an arrow.
The arrow hits the centaur but does no damage.
The centaur is heavily wounded.
The centaur shoots an arrow.
The arrow hits you!
You shoot an arrow. The arrow barely misses the centaur.
The centaur shoots an arrow.
The arrow hits you!
The centaur shoots an arrow.
The arrow closely misses you.
You shoot an arrow.
The arrow hits the centaur but does no damage.
The centaur is heavily wounded.
The centaur shoots an arrow.
The arrow hits you.
A goblin comes into view. It is wielding a +0 dagger.
The centaur shoots an arrow.
The arrow barely misses you.
You shoot an arrow. The arrow hits the centaur.
The centaur is heavily wounded.
The centaur shoots an arrow.
The arrow hits you.
The centaur shoots an arrow.
The arrow barely misses you.
You shoot an arrow. The arrow hits the centaur.
The centaur is almost dead.
You have got your breath back.
The centaur looks more healthy.
The centaur shoots an arrow.
The arrow hits you but does no damage.
2028 ||| INVOKING Spit Poison.
Aiming: Spit Poison (1% risk of failure)
Press: ? - help, Shift-Dir - straight line, f - goblin, p - centaur The splash of poison hits the goblin!
You kill the goblin!
The centaur shoots an arrow.
The arrow closely misses you.
The centaur shoots an arrow.
The arrow closely misses you.
You shoot an arrow. The arrow hits the centaur.
The centaur is almost dead.
The centaur shoots an arrow.
The arrow hits you!
You die...

......................#
........###.....[.....#.
.......## #.............
.......# ###...........
......## ##.........c..
.###...##.##............
..##.............(..)...
..##.......#..##........
.....#.....#.###@.......
.....###..... #.........
...####..#... ##...%....
...##.##.##.. <........
....#......#. #.##.....
.#.....##.. ### ##...
.##........ ...
##.....##.. .. #......#.


You could see a centaur.

Vanquished Creatures
  An iguana (D:3)
  3 adders
  2 worms
  3 dart slugs
  2 orcs
  5 endoplasms
  4 giant cockroaches
  9 goblins
  13 hobgoblins
  6 kobolds
  6 quokkas
  4 ball pythons
  4 bats
  2 frilled lizards
  10 rats
74 creatures vanquished.

Notes
Turn   | Place    | Note
-------+----------+-------------------------------------------
     0 | D:1      | qw the Naga Hunter began the quest for the Orb.
     0 | D:1      | Reached XP level 1. HP: 19/19 MP: 1/1
     0 | D:1      | 0 ||| qw: Version: 0.3-a-5-g6f28e65
     0 | D:1      | 0 ||| qw: Game counter: 684
     0 | D:1      | 0 ||| qw: Always use a shield: true
     0 | D:1      | 0 ||| qw: God list: Okawaru
     0 | D:1      | 0 ||| qw: Allow faded altars: false
     0 | D:1      | 0 ||| qw: Do Orc after D:15 true
     0 | D:1      | 0 ||| qw: Do second Lair branch before Depths: true
     0 | D:1      | 0 ||| qw: Lair rune preference: random
     0 | D:1      | 0 ||| qw: Plans: Normal
     0 | D:1      | 0 ||| PLANNING D:1-11
   100 | D:1      | 100 ||| INVOKING Spit Poison.
   103 | D:1      | 103 ||| INVOKING Spit Poison.
   105 | D:1      | You fall into a shaft and drop 1 floor!
   126 | D:2      | 126 ||| INVOKING Spit Poison.
   130 | D:2      | Reached skill level 4 in Ranged Weapons
   130 | D:2      | Reached XP level 2. HP: 25/26 MP: 2/2
   131 | D:2      | 131 ||| INVOKING Spit Poison.
   153 | D:2      | 153 ||| INVOKING Spit Poison.
   156 | D:2      | 156 ||| INVOKING Spit Poison.
   160 | D:2      | Reached XP level 3. HP: 32/32 MP: 3/3
   163 | D:2      | 163 ||| INVOKING Spit Poison.
   185 | D:2      | 185 ||| FLEEEEING.
   186 | D:2      | 186 ||| FLEEEEING.
   187 | D:2      | 187 ||| FLEEEEING.
   188 | D:2      | 188 ||| FLEEEEING.
   189 | D:2      | 189 ||| FLEEEEING.
   190 | D:2      | 190 ||| FLEEEEING.
   191 | D:2      | 191 ||| FLEEEEING.
   192 | D:2      | 192 ||| STAIRDANCE
   221 | D:1      | 221 ||| INVOKING Spit Poison.
   227 | D:1      | 227 ||| INVOKING Spit Poison.
   291 | D:1      | 291 ||| INVOKING Spit Poison.
   298 | D:1      | 298 ||| INVOKING Spit Poison.
   306 | D:1      | 306 ||| INVOKING Spit Poison.
   319 | D:1      | 319 ||| INVOKING Spit Poison.
   328 | D:1      | 328 ||| INVOKING Spit Poison.
   383 | D:1      | 383 ||| INVOKING Spit Poison.
   389 | D:1      | 389 ||| INVOKING Spit Poison.
   392 | D:1      | 392 ||| INVOKING Spit Poison.
   423 | D:1      | 423 ||| INVOKING Spit Poison.
   434 | D:1      | 434 ||| INVOKING Spit Poison.
   448 | D:1      | 448 ||| INVOKING Spit Poison.
   458 | D:1      | 458 ||| INVOKING Spit Poison.
   462 | D:1      | 462 ||| INVOKING Spit Poison.
   568 | D:1      | 568 ||| INVOKING Spit Poison.
   572 | D:1      | Reached skill level 5 in Ranged Weapons
   582 | D:1      | 582 ||| INVOKING Spit Poison.
   585 | D:1      | Reached XP level 4. HP: 39/39 MP: 4/4
   617 | D:1      | 617 ||| INVOKING Spit Poison.
   752 | D:1      | 752 ||| READING 4 scrolls labelled PAJUITUOHA.
   753 | D:1      | 753 ||| READING scroll labelled HICZEK ORASEMN.
   754 | D:1      | 754 ||| DRINKING 2 fizzy purple potions.
   755 | D:1      | 755 ||| READING 3 scrolls of identify.
   755 | D:1      | 755 ||| IDENTIFYING grey potion
   756 | D:1      | 756 ||| DROPPING scroll of butterflies.
   766 | D:2      | 766 ||| INVOKING Spit Poison.
   770 | D:2      | 770 ||| STAIRDANCE
   772 | D:1      | 772 ||| INVOKING Spit Poison.
   828 | D:2      | 828 ||| INVOKING Spit Poison.
   831 | D:2      | 831 ||| INVOKING Spit Poison.
   836 | D:2      | 836 ||| INVOKING Spit Poison.
   839 | D:2      | 839 ||| INVOKING Spit Poison.
   919 | D:2      | 919 ||| INVOKING Spit Poison.
   943 | D:2      | 943 ||| FLEEEEING.
   946 | D:2      | 946 ||| INVOKING Spit Poison.
  1011 | D:2      | 1011 ||| INVOKING Spit Poison.
  1045 | D:2      | 1045 ||| INVOKING Spit Poison.
  1115 | D:2      | 1115 ||| INVOKING Spit Poison.
  1249 | D:2      | 1249 ||| UPGRADING to +0 pair of gloves of strength.
  1254 | D:2      | 1254 ||| READING scroll labelled JUYLAX NIDGH.
  1325 | D:2      | 1325 ||| READING scroll labelled GAMOWOV UNOYCS.
  1326 | D:2      | 1326 ||| READING scroll labelled WYRHAA LAESIJY.
  1327 | D:2      | 1327 ||| READING 2 scrolls of identify.
  1327 | D:2      | 1327 ||| IDENTIFYING purple potion
  1377 | D:3      | 1377 ||| INVOKING Spit Poison.
  1381 | D:3      | 1381 ||| INVOKING Spit Poison.
  1468 | D:3      | 1468 ||| INVOKING Spit Poison.
  1498 | D:3      | 1498 ||| INVOKING Spit Poison.
  1508 | D:3      | 1508 ||| INVOKING Spit Poison.
  1515 | D:3      | 1515 ||| INVOKING Spit Poison.
  1518 | D:3      | 1518 ||| INVOKING Spit Poison.
  1524 | D:3      | Reached skill level 3 in Fighting
  1534 | D:3      | 1534 ||| FLEEEEING.
  1536 | D:3      | 1536 ||| FLEEEEING.
  1537 | D:3      | 1537 ||| FLEEEEING.
  1538 | D:3      | 1538 ||| FLEEEEING.
  1539 | D:3      | 1539 ||| STAIRDANCE
  1565 | D:3      | 1565 ||| INVOKING Spit Poison.
  1647 | D:3      | Found a hazy altar of Hepliaklqana.
  1658 | D:3      | 1658 ||| INVOKING Spit Poison.
  1675 | D:3      | 1675 ||| INVOKING Spit Poison.
  1679 | D:3      | Reached XP level 5. HP: 41/49 MP: 5/5
  1757 | D:3      | 1757 ||| INVOKING Spit Poison.
  1867 | D:3      | 1867 ||| UPGRADING to +2 hat.
  1872 | D:3      | 1872 ||| DRINKING 2 metallic dark potions.
  1912 | D:3      | 1912 ||| READING 2 scrolls of identify.
  1912 | D:3      | 1912 ||| IDENTIFYING clear potion
  1913 | D:3      | 1913 ||| DROPPING potion of lignification.
  1948 | D:4      | 1948 ||| INVOKING Spit Poison.
  1962 | D:4      | 1962 ||| INVOKING Spit Poison.
  1971 | D:4      | 1971 ||| INVOKING Spit Poison.
  2004 | D:4      | 2004 ||| INVOKING Spit Poison.
  2015 | D:4      | 2015 ||| INVOKING Spit Poison.
  2018 | D:4      | Noticed a centaur
  2022 | D:4      | 2022 ||| INVOKING Spit Poison.
  2025 | D:4      | HP: 12/49 [centaur/arrow (2)]
  2028 | D:4      | 2028 ||| INVOKING Spit Poison.
  2029 | D:4      | Shot with an arrow by a centaur

Levels and vault maps discovered:
D:1:      heliophobic_arrival_enchanted_forest, layout_loops_ring
D:2:      layout_basic, bh_walls_and_bars
D:3:      layout_rooms, mainiacjoe_overflow_six_doors_small,
          kennysheep_generic_room_2
D:4:      layout_cave_pools

Skill      XL: |  1  2  3  4 |
---------------+-------------+-----
Ranged Weapons | 4 5 |  5.4
Fighting       | 3 |  3.0
Dodging        | |  1.5
Stealth        | |  1.5

Action                     |  1- 3 |  4- 6 || total
---------------------------+-------+-------++-------
   Fire: Shortbow          |    58 |    71 ||   129
Ability: Spit Poison       |    24 |    30 ||    54
    Use: Scroll            |       |     8 ||     8
         Potion            |       |     2 ||     2
 Armour: Leather armour    |     3 |     8 ||    11
  Dodge: Dodged            |     7 |    24 ||    31

Table legend:
 A = Non-vault XP
 B = Vault XP
 C = Vault XP percentage of total XP
 D = Non-vault monster count
 E = Vault monster count
 F = Vault count percentage of total count
                 A         B        C        D         E       F
            +---------+---------+-------+---------+---------+-------
      Total |     206 |       2 |   1.0 |      73 |       1 |   1.4
            +---------+---------+-------+---------+---------+-------
        D:1 |      50 |       0 |   0.0 |      28 |       0 |   0.0
        D:2 |      58 |       0 |   0.0 |      23 |       0 |   0.0
        D:3 |      75 |       2 |   2.6 |      16 |       1 |   5.9
        D:4 |      23 |       0 |   0.0 |       6 |       0 |   0.0
            +---------+---------+-------+---------+---------+-------
